Map: Lost and Found LE

Players

baphomet

  • Race: Terran Terran
  • League: Diamond
  • Spawn Location: 1:00

Alex - Winner!

  • Race: Zerg Zerg
  • League: Diamond
  • Spawn Location: 7:00

VOD

Have the link to the VOD?

Description

Time

  • Played on: July 28, 2018, 2:16 p.m.
  • Length: 22:10
Show
View Real Time Build Order
Export as new Build Order

baphomet Terran 

Build Orders: Reaper Expand, MMM Bio 

Get SALT Encoding   

  12  0:03  SCV  
  13  0:15  SCV  
  13  0:18  Supply Depot  
  14  0:28  SCV  
  15  0:40  SCV  
  16  0:43  Barracks  
  16  0:46  Refinery  
  16  0:52  SCV  
  17  1:04  SCV  
  18  1:16  SCV  
  19  1:30  Orbital Command  
  19  1:31  Reaper  
  20  1:40  Command Center  
  20  1:56  Supply Depot, SCV  
  21  2:03  Marine  
  22  2:08  SCV  
  22  2:11  Factory  
  23  2:16  Refinery  
  23  2:20  Supply Depot, SCV  
  24  2:24  Barracks Reactor  
  24  2:34  SCV  
  23  2:46  SCV  
  22  2:58  SCV  
  23  3:01  Marine  
  25  3:10  SCV  
  26  3:14  Marine  
  25  3:22  SCV  
  26  3:29  Orbital Command  
  26  3:32  Starport  
  26  3:33  Factory Tech Lab  
  26  3:34  SCV  
  26  3:36  Barracks Reactor  
  27  3:46  SCV  
  28  3:53  Engineering Bay  
  28  3:58  SCV  
  28  3:59  SCV  
  30  4:09  Command Center  
  30  4:20  Raven  
  30  4:22  Hellion x2  
  35  4:24  Refinery, SCV  
  35  4:25  Refinery  
  35  4:29  Barracks  
  35  4:30  SCV  
  37  4:33  Barracks  
  37  4:36  SCV  
  38  4:43  Hellion  
  38  4:44  Hellion  
  38  4:54  SCV  
  38  4:55  Barracks Tech Lab  
  38  4:57  SCV  
  40  5:04  Supply Depot  
  40  5:11  Hellion x2  
  40  5:13  Raven  
  46  5:16  Stimpack  
  46  5:22  SCV  
  46  5:23  SCV  
  46  5:25  Orbital Command  
  46  5:26  Barracks Reactor  
  48  5:34  SCV  
  48  5:35  SCV  
  50  5:41  Marine x2  
  52  5:46  SCV  
  52  5:47  Terran Infantry Weapons Level 1, SCV  
  54  5:57  Marine  
  54  5:59  SCV  
  54  6:01  Orbital Command  
  54  6:04  SCV, Marine x2  
  59  6:13  Marine  
  59  6:14  Marine  
  59  6:15  Siege Tank  
  64  6:19  Engineering Bay  
  64  6:24  Starport Reactor  
  64  6:25  Marine x2  
  66  6:30  SCV  
  68  6:32  SCV  
  68  6:33  Marine x3  
  68  6:36  SCV  
  72  6:42  Marine  
  72  6:43  Marine  
  72  6:45  SCV x2  
  64  6:48  SCV  
  64  6:51  Marine x2  
  67  6:57  SCV x2  
  67  6:58  Marine  
  67  7:00  SCV, Marine  
  72  7:02  Marine  
  72  7:08  Barracks  
  73  7:09  Barracks, Terran Infantry Armor Level 1, Marine  
  73  7:14  Siege Tank  
  77  7:19  Supply Depot  
  77  7:21  Medivac  
  77  7:22  Supply Depot  
  79  7:23  Combat Shields  
  79  7:25  Marine x2  
  79  7:26  Marine  
  82  7:40  Marine x2  
  82  7:42  SCV x3  
  82  7:43  Marine  
  88  7:46  Siege Tank  
  88  7:47  Armory  
  91  7:54  SCV x2  
  93  7:59  Marine x4  
  93  8:02  SCV  
  93  8:03  Command Center  
  98  8:05  Barracks Reactor  
  98  8:06  Medivac, Barracks Reactor, SCV  
  98  8:12  Supply Depot  
  101  8:14  Supply Depot  
  101  8:33  SCV x3, Marine x5  
  109  8:36  Siege Tank  
  110  8:44  Marine x3  
  110  8:45  SCV x3  
  110  8:48  Marine  
  116  8:51  Missile Turret, Marine x2  
  116  8:55  Marine  
  116  8:56  Terran Infantry Weapons Level 2  
  116  8:59  Missile Turret  
  116  9:01  Supply Depot  
  116  9:02  Supply Depot x2  
  117  9:05  Missile Turret  
  117  9:14  Barracks x2, SCV, Marine x5  
  123  9:17  Missile Turret, Factory  
  123  9:23  Missile Turret  
  123  9:26  Marine x3  
  126  9:39  Marine  
  125  9:54  Marine x2  
  125  9:55  Marine x2  
  129  10:00  Marine  
  129  10:01  Marine x4  
  129  10:02  Medivac x2, Siege Tank  
  129  10:04  SCV  
  129  10:06  Barracks Reactor x2  
  142  10:09  Factory Tech Lab  
  142  10:11  Planetary Fortress, SCV  
  142  10:12  SCV, Marine x3  
  142  10:13  Marine  
  147  10:15  Barracks  
  147  10:16  Barracks  
  147  10:18  Marine  
  147  10:19  Marine  
  143  10:32  Marine x2  
  144  10:37  Starport  
  144  10:38  Fusion Core  
  144  10:39  SCV, Siege Tank  
  144  10:40  Marine x6  
  144  10:41  Terran Infantry Armor Level 2  
  144  10:42  SCV  
  154  10:45  Marine  
  154  10:46  Marine x2  
  155  10:50  Marine  
  156  11:05  Marine x2  
  156  11:06  Marine  
  156  11:10  Marine  
  156  11:11  Marine  
  155  11:13  Barracks Reactor  
  155  11:14  Barracks Reactor  
  155  11:15  Supply Depot  
  155  11:17  Supply Depot  
  156  11:19  Supply Depot  
  156  11:20  Supply Depot  
  156  11:21  Supply Depot  
  156  11:24  Terran Infantry Weapons Level 3  
  156  11:36  Medivac x2, Siege Tank, Marine  
  156  11:38  Siege Tank, Marine  
  168  11:52  Marine x11  
  168  11:53  Marine x2  
  179  11:54  Marine  
  179  12:01  Marine  
  180  12:09  Marine  
  180  12:10  Siege Tank x2, Marine x6  
  180  12:11  Medivac  
  180  12:14  Barracks  
  195  12:16  Barracks x2  
  192  12:24  Marine  
  178  12:49  Marine  
  175  12:51  Marine  
  175  12:55  Marine  
  175  12:57  Marine x2  
  181  12:58  Siege Tank  
  181  13:02  Marine  
  181  13:04  Terran Infantry Armor Level 3  
  181  13:05  Terran Vehicle Weapons Level 1  
  177  13:13  Ghost Academy  
  177  13:15  Command Center  
  177  13:17  Command Center x2, Marine  
  177  13:19  Refinery x2, Barracks  
  172  13:21  Barracks  
  172  13:22  Barracks, Barracks Reactor  
  172  13:23  Barracks  
  172  13:24  Barracks x2  
  172  13:26  Barracks  
  172  13:28  Marine  
  171  13:54  Marine x6  
  172  13:56  Marine  
  172  13:59  SCV  
  172  14:00  Siege Tank  
  172  14:02  Marine x2  
  173  14:04  SCV, Marine  
  173  14:05  Barracks x2, Marine x6  
  173  14:07  Barracks  
  174  14:10  Marine x2  
  174  14:16  Marine  
  135  14:20  Marine x2  
  135  14:21  Marine x8  
  118  14:25  Marine  
  118  14:27  Missile Turret  
  115  14:32  Missile Turret  
  115  14:34  Marine x9  
  114  14:49  Marine x4  
  104  14:52  Marine  
  104  14:53  Marine  
  104  14:58  SCV  
  107  15:05  Orbital Command  
  107  15:12  Medivac x3  
  107  15:13  SCV  
  114  15:14  SCV x2  
  114  15:15  SCV, Orbital Command  
  114  15:19  Missile Turret  
  117  15:25  SCV  
  117  15:26  SCV  
  119  15:30  Factory Tech Lab, Barracks Tech Lab x2  
  119  15:33  Siege Tank  
  122  15:36  Barracks Tech Lab, Marine x2  
  124  15:45  Marine  
  124  15:46  Marine x4  
  124  15:47  Marine x16  
  124  15:48  Marine x2  
  147  15:54  SCV, Marine  
  149  15:57  Medivac x2  
  149  16:04  Starport, Marine x10  
  154  16:05  Siege Tank, Marine  
  154  16:09  Marine x3  
  154  16:11  Marine x5  
  171  16:13  SCV  
  176  16:20  Missile Turret  
  176  16:28  Orbital Command  
  174  16:36  Marine  
  174  16:37  Marine x9  
  181  16:59  Marine  
  181  17:00  Marine x12  
  181  17:01  Marine x3  
  188  17:02  Marine  
  188  17:03  Marine  
  188  17:04  Marine  
  167  17:09  Marine  
  167  17:10  Marine  
  167  17:11  Marine x7  
  160  17:25  Marine x9  
  160  17:26  Marine  
  160  17:28  SCV  
  153  17:32  Missile Turret, SCV  
  153  17:40  SCV  
  151  18:00  Orbital Command  
  151  18:07  Marine x3  
  151  18:09  Command Center  
  151  18:10  Missile Turret  
  131  18:20  Missile Turret  
  131  18:24  Marine  
  131  18:25  Marine x12  
  106  18:29  Marine x3  
  106  18:32  Marine  
  106  18:33  Marine  
  103  18:34  Marine  
  103  18:39  Marine x3  
  104  18:44  Marine  
  104  18:45  Marine x3  
  92  18:50  Marine  
  92  18:51  Marine x3  
  92  18:55  SCV  
  92  19:04  Marine x11  
  92  19:06  SCV  
  104  19:12  Marine  
  104  19:14  SCV  
  106  19:18  SCV  
  107  19:24  Missile Turret  
  107  19:26  Missile Turret x2  
  106  19:32  Marine  
  106  19:33  Marine x13  
  106  19:34  Marine x11  
  131  19:47  SCV  
  131  19:50  Marine  
  131  19:51  Marine  
  134  19:55  SCV  
  134  19:58  Marine x11  
  134  19:59  SCV, Marine x10  
  157  20:02  Starport Tech Lab  
  157  20:03  Medivac  
  159  20:07  SCV  
  159  20:10  Marine  
  159  20:11  Marine x3  
  159  20:14  Starport Tech Lab  
  164  20:15  SCV  
  150  20:22  Marine  
  150  20:23  Marine x3  
  150  20:27  Marine  
  146  20:28  Marine  
  85  20:58  Marine  
  85  21:01  Marine x8  
  91  21:12  Marine x3  
  90  21:18  Missile Turret  
  90  21:19  Planetary Fortress  
  90  21:25  Marine x4  
  88  21:29  Missile Turret  
  83  21:43  Missile Turret  
  82  21:47  Marine  
Show
View Real Time Build Order
Export as new Build Order

Alex Zerg - Winner!

Build Orders: Pool First, Muta Ling Bane 

Get SALT Encoding   

  12  0:00  Drone  
  13  0:12  Overlord  
  13  0:18  Drone  
  14  0:31  Drone x2  
  14  0:34  Drone  
  17  0:45  Spawning Pool  
  17  0:48  Drone  
  17  1:08  Hatchery  
  16  1:11  Drone  
  16  1:17  Extractor  
  16  1:31  Zergling x4  
  16  1:32  Zergling x2  
  19  1:40  Queen  
  22  1:47  Drone  
  22  1:53  Overlord  
  22  2:23  Queen, Drone  
  22  2:24  Queen  
  22  2:25  Metabolic Boost  
  27  2:42  Drone x4  
  31  2:53  Drone x3  
  31  2:56  Drone  
  34  3:16  Drone x2  
  34  3:18  Hatchery  
  33  3:28  Queen  
  33  3:29  Overlord  
  33  3:33  Overlord  
  35  3:45  Zergling x2  
  36  3:48  Zergling x2  
  36  3:49  Zergling x2  
  36  3:54  Zergling x2  
  39  3:56  Drone x6  
  45  4:15  Drone x4  
  45  4:16  Overlord x2  
  49  4:21  Baneling Nest  
  48  4:25  Queen  
  48  4:27  Overlord x2  
  50  4:37  Drone x4  
  55  4:45  Zergling x2  
  55  4:46  Zergling x8  
  57  4:56  Drone x5  
  60  5:09  Overlord x2  
  60  5:18  Queen  
  60  5:19  Queen  
  64  5:27  Extractor  
  64  5:28  Lair, Extractor x2  
  62  5:32  Spore Crawler  
  62  5:33  Spore Crawler  
  62  5:34  Spore Crawler  
  62  5:35  Zergling x22  
  66  5:53  Spore Crawler  
  65  6:02  Drone  
  65  6:03  Drone x7  
  69  6:28  Drone  
  69  6:29  Drone x3  
  72  6:36  Spire  
  69  6:43  Drone x4  
  69  6:44  Zergling x16  
  70  7:04  Drone x6  
  70  7:07  Hatchery  
  75  7:14  Evolution Chamber  
  74  7:15  Evolution Chamber, Centrifical Hooks  
  74  7:20  Drone x2, Extractor  
  74  7:21  Drone x3, Extractor  
  74  7:38  Drone x9  
  74  7:43  Zerg Melee Weapons Level 1, Zerg Ground Armor Level 1  
  82  7:46  Overlord x2  
  82  7:52  Mutalisk x4  
  82  7:56  Mutalisk x2  
  94  7:58  Mutalisk  
  94  8:02  Overlord  
  96  8:19  Mutalisk  
  95  8:20  Mutalisk x2  
  95  8:23  Zerg Flyer Weapons Level 1  
  99  8:33  Drone x10  
  100  8:46  Drone x5  
  100  8:47  Drone  
  106  8:53  Drone x5  
  111  9:04  Mutalisk  
  111  9:05  Mutalisk x4  
  111  9:07  Zergling x2  
  111  9:08  Zergling x12  
  111  9:09  Overlord x2  
  128  9:25  Baneling  
  128  9:26  Baneling x9  
  128  9:29  Zergling x16  
  136  9:38  Zergling x2  
  136  9:39  Zergling x14  
  136  9:41  Overlord x3  
  135  9:53  Zergling x2  
  135  9:54  Zergling x14  
  135  9:56  Baneling  
  141  10:00  Baneling x7  
  141  10:05  Zergling x20  
  151  10:21  Zerg Melee Weapons Level 2, Zerg Ground Armor Level 2  
  148  10:33  Zergling x2  
  148  10:34  Zergling x32  
  160  10:47  Zerg Flyer Weapons Level 2  
  160  10:51  Baneling x6  
  160  10:52  Baneling x5  
  159  11:04  Overlord x4  
  159  11:05  Overlord  
  149  11:13  Overlord x2  
  149  11:14  Overlord  
  149  11:21  Overlord x4  
  149  11:23  Zergling x4  
  149  11:24  Zergling x12  
  155  11:40  Mutalisk x2  
  155  11:41  Mutalisk x7  
  158  12:06  Mutalisk  
  158  12:07  Mutalisk x2  
  162  12:12  Zergling x8  
  162  12:13  Zergling x20  
  176  12:23  Zergling x12  
  176  12:24  Zergling x6  
  170  12:48  Zergling x30  
  179  13:03  Mutalisk x8  
  192  13:18  Zerg Flyer Armor Level 1  
  189  13:25  Zergling x22  
  186  13:41  Baneling x8  
  186  13:42  Baneling x3  
  186  13:47  Baneling x11  
  183  13:55  Zergling x2  
  183  13:56  Zergling x32  
  153  14:18  Zergling x20  
  144  14:31  Mutalisk  
  144  14:32  Mutalisk x6  
  156  14:50  Zergling x22, Hatchery  
  152  15:00  Drone  
  152  15:01  Drone x4  
  157  15:07  Baneling  
  157  15:08  Baneling x13  
  157  15:30  Queen  
  157  15:32  Extractor  
  157  15:33  Zergling x12  
  157  15:35  Extractor  
  163  15:40  Zerg Flyer Armor Level 2  
  163  16:04  Zergling x2  
  163  16:05  Zergling x34  
  163  16:09  Baneling x6  
  170  16:35  Zergling x2  
  170  16:36  Zergling x16  
  179  16:44  Baneling x7  
  144  17:33  Mutalisk  
  144  17:34  Mutalisk x16  
  176  18:02  Extractor  
  176  18:05  Extractor  
  172  18:06  Zergling x20  
  172  18:11  Hatchery  
  151  18:23  Zergling x12  
  141  18:31  Infestation Pit  
  136  18:43  Mutalisk x7  
  136  18:44  Mutalisk x2  
  146  19:10  Zergling x30  
  146  19:11  Zergling x18  
  168  19:34  Baneling  
  168  19:35  Baneling x10  
  168  19:36  Baneling x7  
  162  19:40  Drone  
  162  19:41  Drone x7  
  166  19:55  Zergling x26  
  179  20:05  Baneling  
  179  20:06  Baneling x5  
  179  20:09  Hive  
  179  20:11  Queen  
  179  20:31  Zergling x16  
  179  20:32  Zergling x18  
  179  20:33  Baneling  
  179  20:34  Baneling x16  
  176  20:51  Zergling x16  
  176  20:52  Zergling x2  
  170  21:02  Queen  
  169  21:14  Zergling x2  
  169  21:15  Zergling x28  
  172  21:46  Zergling x36  
Tags
 
Add a new tag
Caveats
  • Supply blocks, unpowered buildings, or Contaminate may cause inaccurate times.
  • Supply counts are checked every 10 seconds.